 Dungeon Crawl Stone Soup version 0.18-a0-846-g91b95b1 (webtiles) character file.

1686630 Duffy the Executioner (level 27, 270/270 HPs)
             Began as a Minotaur Fighter on Dec 20, 2015.
             Was the Champion of Cheibriados.
             Escaped with the Orb
             ... and 3 runes!
             The game lasted 02:13:11 (69802 turns).

Duffy the Executioner (Minotaur Fighter)           Turns: 69802, Time: 02:13:11

Health: 270/270    AC: 50    Str: 51    XL:     27
Magic:  32/32      EV: 32    Int: 20    God:    Cheibriados [******]
Gold:   2379       SH:  0    Dex: 31    Spells: 4 memorised, 29 levels left

rFire  + + .     SeeInvis .     a - +9 executioner's axe (freeze)
rCold  . . .     Gourm    .     G - +10 plate armour {rF+}
rNeg   . . .     Faith    +     (shield currently unavailable)
rPois  +         Spirit   .     P - +2 hat {MR+}
rElec  .         Dismiss  .     f - +2 cloak {rPois}
rCorr  .         Reflect  .     I - +4 pair of gloves of Panentheism {rPois Str+6}
SustAt .         Harm     .     T - +2 pair of boots of the Blizzard {rF+ MR+ Str-2 Dex+4}
MR     ++++.                    w - amulet of faith
Stlth  ..........               S - +5 ring of protection
                                B - +5 ring of slaying

@: very slow, incredibly resistant to hostile enchantments, extremely unstealthy
A: retaliatory headbutt, horns 2
a: Bend Time, Temporal Distortion, Slouch, Step From Time, Renounce Religion
0: Orb of Zot
}: 3/15 runes: serpentine, barnacled, abyssal


You escaped.
You worshipped Cheibriados.
Cheibriados was exalted by your worship.
You were very full.

You visited 10 branches of the dungeon, and saw 51 of its levels.
You visited the Abyss 2 times.
You visited 1 bazaar.
You visited 1 ziggurat, and saw 8 of its levels.
You also visited: Labyrinth and Volcano.

You collected 8098 gold pieces.
You spent 5719 gold pieces at shops.


Innate Abilities, Weirdness & Mutations

You reflexively headbutt those who attack you in melee.
You have a pair of horns on your head.


   Skills:
 + Level 26.5 Fighting
 - Level 26.5 Axes
 - Level 20.4 Armour
 - Level 19.0 Dodging
   Level 3.8 Shields
 - Level 6.0 Spellcasting
 - Level 5.0 Hexes
 - Level 9.4 Charms
 - Level 8.5 Necromancy
 - Level 7.0 Translocations
 - Level 14.0 Invocations
 - Level 10.5 Evocations


You had 29 spell levels left.
You knew the following spells:

 Your Spells              Type           Power        Failure   Level  Hunger
a - Regeneration          Chrm/Necr      #####.....   1%          3    ##.....
j - Apportation           Tloc           ####......   1%          1    None
w - Spectral Weapon       Hex/Chrm       #####...     4%          3    ##.....
B - Blink                 Tloc           N/A          1%          2    None

Inventory:

Hand Weapons
 a - a +9 executioner's axe of freezing (weapon)
Missiles
 j - 17 throwing nets (quivered)
Armour
 f - a +2 cloak of poison resistance (worn)
 G - a +10 plate armour of fire resistance (worn)
 I - the +4 pair of gloves of Panentheism (worn) {rPois Str+6}

   It affects your strength (+6).
   It protects you from poison.
 P - a +2 hat of magic resistance (worn)
 T - the +2 pair of boots of the Blizzard (worn) {rF+ MR+ Str-2 Dex+4}

   It affects your strength (-2).
   It affects your dexterity (+4).
   It protects you from fire.
   It affects your resistance to hostile enchantments.
Jewellery
 i - the ring "Ilesh" {+/*Tele rPois}

   [ring of teleportation]

   It may teleport you next to monsters, and can be evoked to randomly teleport.
   It protects you from poison.
 p - an uncursed ring of protection from magic
 t - the ring "Zivoos" {rN+ Stlth+}

   [ring of positive energy]

   It protects you from negative energy.
   It makes you more stealthy.
 w - an amulet of faith (around neck)
 B - a +5 ring of slaying (left hand)
 R - the ring of the Five Beds {*Drain rF+ rC++ Int+3}

   [ring of protection from fire]

   It affects your intelligence (+3).
   It protects you from fire.
   It greatly protects you from cold.
   It causes draining when unequipped.
 S - a +5 ring of protection (right hand)
 U - the ring "Byfef" {rElec rC+ rN+ MP+9 Dex-4}

   [ring of magical power]

   It affects your dexterity (-4).
   It protects you from cold.
   It insulates you from electricity.
   It protects you from negative energy.
   It affects your magic capacity (+9).
 W - an uncursed ring of see invisible
 Z - an uncursed ring of protection from fire
Wands
 z - a wand of disintegration (22/24)
 C - a wand of paralysis (24/24)
Scrolls
 c - 2 scrolls of vulnerability
 d - a scroll of identify
 g - 26 scrolls of remove curse
 h - 18 scrolls of teleportation
 l - 7 scrolls of fog
 o - 9 scrolls of recharging
 q - 2 scrolls of holy word
 y - 5 scrolls of silence
 L - 3 scrolls of summoning
 M - 7 scrolls of blinking
 N - 4 scrolls of magic mapping
 V - 10 scrolls of fear
Potions
 e - 8 potions of heal wounds
 k - 11 potions of flight
 r - 2 potions of cancellation
 v - 2 potions of invisibility
 x - 5 potions of brilliance
 A - 5 potions of magic
 E - 24 potions of curing
 J - 4 potions of cure mutation
 O - 4 potions of resistance
 Q - 6 potions of agility
Miscellaneous
 H - a lamp of fire
 K - a fan of gales
 X - a sack of spiders
Comestibles
 b - 20 meat rations
 u - 27 bread rations
 F - 32 fruits

Dungeon Overview and Level Annotations

Branches:
Dungeon (15/15)            Temple (1/1) D:7            Lair (8/8) D:8
 Shoals (4/4) Lair:3        Snake (4/4) Lair:3        Slime (0/6) Lair:7
    Orc (2/2) D:12            Elf (0/3) Orc:2        Vaults (4/5) D:13
  Crypt (3/3) Vaults:2       Tomb (0/3) Crypt:3      Depths (5/5) D:15
    Zot (5/5) Depths:5

Altars:
Ashenzari
Cheibriados
Dithmenos
Elyvilon
Fedhas
Gozag
Kikubaaqudgha
Makhleb
Nemelex Xobeh
Okawaru
Pakellas
Qazlal
Ru
Sif Muna
Trog
Vehumet
Xom
Yredelemnul
Zin
The Shining One
Beogh

Shops:
D:9 ??!?   D:10 [   D:11 [   D:15 *   Orc:1 [%*[   Orc:2 :?[(   Shoals:1 [
Vaults:3 }%!   Depths:4 }%%

Portals:
Hell: Depths:1 Depths:2 Depths:3 Depths:4 Depths:5
Abyss: Depths:2 Depths:4 Depths:5
Pandemonium: Depths:1 Depths:2 Depths:3 Depths:4
Trove: Depths:3 (give 5 scrolls of blinking)


Message History

(D) Dungeon (T) Temple (L) Lair (A) Shoals (P) Snake Pit (M) Slime Pits (O) Orcish Mines (E) Elven Halls (V) Vaults (C) Crypt (W) Tomb (U) Depths (H) Hell (Z) Zot
Where to? (* - list waypoints, Enter - D:1 @ (x,y), ? - help) HP restored.
Magic restored.
Your skin is crawling a little less now.
There is a stone staircase leading up here.
You climb upwards.
There is a stone staircase leading down here.
Your skin stops crawling.
There is a stone staircase leading up here.
You climb upwards.
There is a stone staircase leading down, spattered with blood here.
A red devil comes into view. It is wielding a trident.
The red devil misses you. The red devil barely misses you.
The red devil completely misses you. You furiously retaliate!
You headbutt the red devil! You slice the red devil!! You freeze the red devil.
You kill the red devil!
Cheibriados thoroughly appreciates the change of pace.
No target in view!
(D) Dungeon (T) Temple (L) Lair (A) Shoals (P) Snake Pit (M) Slime Pits (O) Orcish Mines (E) Elven Halls (V) Vaults (C) Crypt (W) Tomb (U) Depths (H) Hell (Z) Zot
Where to? (* - list waypoints, Enter - D:1 @ (x,y), ? - help)
You see here a trident.
You see here 2 stones.
You see here a stone.
There is a stone staircase leading up here.
You climb upwards.
There is a stone staircase leading down here.
There is a staircase leading out of the dungeon here.
You have escaped!

..........#...# #.........## ###.
..........#...# #.....#....# #.
..........#...# #.....#.##.#####.
.#.#......#########'#....#.......
..(..................############
(#.#................>##..........
...).................##.#.....###
##########.......................
## #######.@..#..##.###.....
.########....##...##...'.# #.....
.#......#.........###..### #.....
.#......#........###...#.# #.....
.#......#....#...##....#.# #.....
.#......#....#..###...##.# #.....
.#......#.......##....#..# #.....
.#......#......###...###.# #.....
.#......#......##....##..# #.....


There were no monsters in sight!

Action                   |  1- 3 |  4- 6 |  7- 9 | 10-12 | 13-15 | 16-18 | 19-21 | 22-24 | 25-27 || total
-------------------------+-------+-------+-------+-------+-------+-------+-------+-------+-------++-------
Melee: War axe           |    68 |   131 |   338 |       |       |       |       |       |       ||   537
       Battleaxe         |       |       |     6 |   347 |   506 |    63 |   916 |   284 |       ||  2122
       Dire flail        |       |       |       |     8 |     4 |       |       |       |       ||    12
       Broad axe         |       |       |       |       |   351 |   827 |       |       |       ||  1178
       Executioner's axe |       |       |       |       |       |       |       |   652 |   387 ||  1039
 Cast: Regeneration      |       |       |       |       |       |       |     4 |    50 |    53 ||   107
       Spectral Weapon   |       |       |       |       |       |       |       |     6 |    14 ||    20
       Apportation       |       |       |       |       |       |       |       |    18 |     1 ||    19
Invok: Slouch            |       |       |       |       |     8 |    12 |    10 |     9 |     5 ||    44
       Bend Time         |       |       |       |       |       |       |       |       |     2 ||     2
 Abil: Evoke Teleportati |       |       |       |       |       |       |       |    71 |     3 ||    74
Evoke: Wand              |       |     1 |       |       |     1 |     2 |       |     3 |     3 ||    10
  Use: Scroll            |       |       |    12 |    14 |    11 |    13 |     7 |    28 |    12 ||    97
       Potion            |       |       |       |       |       |     5 |     1 |     4 |    22 ||    32
 Stab: Paralysed         |       |     4 |       |       |       |       |       |       |       ||     4
       Distracted        |       |       |       |       |     3 |       |     1 |       |     3 ||     7
       Invisible         |       |       |       |       |       |       |       |    11 |     3 ||    14
  Eat: Chunk             |       |     7 |    15 |    12 |    27 |    18 |     9 |     5 |       ||    93
       Pizza             |       |       |       |       |       |     2 |     1 |     6 |     1 ||    10
       Beef jerky        |       |       |       |       |       |     1 |     4 |    13 |     1 ||    19
       Royal jelly       |       |       |       |       |       |       |     3 |     1 |       ||     4
       Fruit             |       |       |       |       |       |       |       |    14 |    12 ||    26
       Meat ration       |       |       |       |       |       |       |       |     2 |     3 ||     5
       Bread ration      |       |       |       |       |       |       |       |     1 |       ||     1

Notes
Turn   | Place    | Note
--------------------------------------------------------------
     0 | D:1      | Duffy the Minotaur Fighter began the quest for the Orb.
     0 | D:1      | Reached XP level 1. HP: 19/19 MP: 0/0
    51 | D:1      | Reached skill level 3 in Axes
    53 | D:1      | Reached XP level 2. HP: 26/26 MP: 1/1
   307 | D:1      | Reached skill level 4 in Axes
   625 | D:1      | Reached XP level 3. HP: 31/31 MP: 2/2
   995 | D:2      | Reached skill level 5 in Axes
  1030 | D:2      | Reached XP level 4. HP: 39/39 MP: 3/3
  1068 | D:2      | You fall through a shaft for 2 floors!
  1161 | D:3      | Reached skill level 6 in Axes
  1422 | D:2      | Reached XP level 5. HP: 41/45 MP: 4/4
  1801 | D:3      | Noticed Robin
  1818 | D:3      | Killed Robin
  1908 | D:3      | Found a faded altar to an unknown god.
  1955 | D:3      | Reached skill level 4 in Armour
  2009 | D:3      | Noticed Grinder
  2382 | D:4      | Found a radiant altar of Vehumet.
  2547 | D:4      | Noticed an ogre
  2551 | D:4      | Killed an ogre
  2551 | D:4      | Reached skill level 7 in Axes
  2551 | D:4      | Reached XP level 6. HP: 37/51 MP: 5/5
  2745 | D:4      | Reached skill level 5 in Armour
  3156 | D:3      | Killed Grinder
  3156 | D:3      | Reached skill level 6 in Armour
  3156 | D:3      | Reached XP level 7. HP: 57/57 MP: 6/6
  3451 | D:5      | Entered Level 5 of the Dungeon
  3527 | D:5      | Reached skill level 4 in Fighting
  3537 | D:5      | Found a bloodstained altar of Trog.
  3559 | D:5      | Noticed Edmund
  3565 | D:5      | Killed Edmund
  3565 | D:5      | Reached skill level 8 in Axes
  3648 | D:5      | Reached skill level 5 in Fighting
  3928 | D:5      | Found a shadowy altar of Dithmenos.
  3954 | D:5      | Reached XP level 8. HP: 41/70 MP: 7/7
  4095 | D:5      | Reached skill level 6 in Fighting
  4095 | D:5      | Reached skill level 9 in Axes
  4870 | D:6      | Reached skill level 1 in Dodging
  5130 | D:6      | Reached skill level 10 in Axes
  5130 | D:6      | Reached skill level 2 in Dodging
  5842 | D:7      | Found a staircase to the Ecumenical Temple.
  5859 | Temple   | Entered the Ecumenical Temple
  6057 | Temple   | Became a worshipper of Cheibriados the Contemplative
  6221 | D:7      | Reached skill level 3 in Dodging
  6328 | D:7      | Reached skill level 7 in Armour
  6363 | D:7      | Reached skill level 7 in Fighting
  6443 | D:7      | Reached XP level 9. HP: 76/79 MP: 8/8
  6589 | D:7      | Reached * piety under Cheibriados
  7006 | D:8      | Found a shattered altar of Ashenzari.
  7006 | D:8      | Found a deep blue altar of Sif Muna.
  7073 | D:8      | Reached skill level 11 in Axes
  7291 | D:8      | Found a staircase to the Lair.
  7306 | D:7      | Reached ** piety under Cheibriados
  7420 | D:7      | Reached skill level 4 in Dodging
  7483 | D:7      | Reached skill level 8 in Armour
  7571 | D:7      | Reached skill level 8 in Fighting
  7921 | D:8      | Reached skill level 12 in Axes
  7921 | D:8      | Reached skill level 5 in Dodging
  8060 | D:8      | Reached *** piety under Cheibriados
  8080 | D:8      | Reached XP level 10. HP: 90/90 MP: 9/9
  8460 | D:9      | Found Leqiq's Magic Scroll Emporium.
  8468 | D:9      | Bought a scroll of identify for 24 gold pieces
  8468 | D:9      | Bought a scroll of identify for 24 gold pieces
  8468 | D:9      | Bought a scroll of identify for 24 gold pieces
  8468 | D:9      | Bought a scroll of identify for 24 gold pieces
  8468 | D:9      | Bought a scroll of identify for 24 gold pieces
  8468 | D:9      | Bought a scroll of enchant weapon for 90 gold pieces
  8468 | D:9      | Bought a scroll of fear for 42 gold pieces
  8468 | D:9      | Bought a scroll of fog for 24 gold pieces
  8533 | D:9      | Found Osipuyggo's Magic Scroll Boutique.
  8541 | D:9      | Bought a scroll of magic mapping for 49 gold pieces
  8541 | D:9      | Bought a scroll of magic mapping for 49 gold pieces
  8541 | D:9      | Bought a scroll of teleportation for 42 gold pieces
  8541 | D:9      | Bought a scroll of teleportation for 42 gold pieces
  8764 | D:9      | Found Doucasu's Distillery.
  8774 | D:9      | Bought a potion of mutation for 27 gold pieces
  8807 | D:9      | Found Ziapniv's Magic Scroll Shop.
  9020 | D:10     | Entered Level 10 of the Dungeon
  9036 | D:10     | Reached skill level 1 in Invocations
  9036 | D:10     | Reached skill level 1 in Evocations
  9117 | D:10     | Noticed a hill giant
  9125 | D:10     | Killed a hill giant
  9143 | D:10     | Found a shimmering altar of Xom.
  9172 | D:10     | Reached skill level 2 in Invocations
  9177 | D:10     | Reached skill level 2 in Evocations
  9222 | D:10     | Reached skill level 13 in Axes
  9228 | D:10     | Reached **** piety under Cheibriados
  9230 | D:10     | Reached skill level 3 in Invocations
  9373 | D:10     | Reached skill level 3 in Evocations
  9717 | D:10     | Found Roahupek's Armour Boutique.
  9828 | Lair:1   | Entered Level 1 of the Lair of Beasts
  9836 | Lair:1   | Reached ***** piety under Cheibriados
  9862 | Lair:1   | Reached skill level 4 in Invocations
  9862 | Lair:1   | Reached XP level 11. HP: 71/95 MP: 11/13
  9867 | Lair:1   | Reached skill level 14 in Axes
  9871 | Lair:1   | Reached skill level 4 in Evocations
 10312 | Lair:1   | Noticed Gastronok
 10314 | Lair:1   | Reached skill level 5 in Evocations
 10324 | Lair:1   | Reached skill level 5 in Invocations
 10330 | Lair:1   | Killed Gastronok
 10330 | Lair:1   | Reached skill level 6 in Invocations
 10680 | Lair:1   | Reached skill level 15 in Axes
 10937 | Lair:1   | Reached ****** piety under Cheibriados
 11210 | Lair:1   | Reached skill level 7 in Invocations
 11540 | Lair:2   | Reached XP level 12. HP: 95/103 MP: 16/16
 11819 | Lair:2   | Reached skill level 8 in Invocations
 11893 | Lair:2   | Reached skill level 16 in Axes
 11916 | Lair:2   | Noticed a five-headed hydra
 11926 | Lair:2   | Killed a five-headed hydra
 11926 | Lair:2   | Reached skill level 9 in Armour
 12194 | Lair:2   | Reached skill level 9 in Fighting
 12555 | Lair:2   | Reached skill level 6 in Dodging
 12924 | Lair:3   | Found a staircase to the Snake Pit.
 12951 | Lair:3   | Found a labyrinth entrance.
 12960 | Lab      | Entered a labyrinth
 13045 | Lab      | Noticed a minotaur
 13050 | Lab      | Killed a minotaur
 13420 | Lair:3   | Found a shimmering altar of Xom.
 13541 | Lair:3   | Found a staircase to the Shoals.
 14033 | Lair:4   | Reached skill level 10 in Armour
 14082 | Lair:4   | Learned a level 3 spell: Regeneration
 14086 | Lair:4   | Learned a level 3 spell: Spectral Weapon
 14170 | Lair:4   | Noticed a six-headed hydra
 14179 | Lair:4   | Killed a six-headed hydra
 14179 | Lair:4   | Reached skill level 10 in Fighting
 14179 | Lair:4   | Reached skill level 17 in Axes
 14179 | Lair:4   | Reached skill level 7 in Dodging
 14329 | Lair:4   | Reached XP level 13. HP: 106/113 MP: 18/18
 15329 | Lair:5   | Noticed Josephine
 15338 | Lair:5   | Killed Josephine
 15338 | Lair:5   | Reached skill level 8 in Dodging
 15763 | Lair:5   | Reached skill level 11 in Armour
 16286 | Lair:6   | Found a radiant altar of Vehumet.
 16375 | Lair:6   | Reached skill level 18 in Axes
 16376 | Lair:6   | Reached skill level 11 in Fighting
 16517 | Lair:6   | Identified Sif Muna's Papyrus of Malediction and Poisoning (You found it on level 6 of the Lair of Beasts)
 17151 | Lair:7   | Reached skill level 9 in Dodging
 17229 | Lair:7   | Reached XP level 14. HP: 98/124 MP: 19/19
 17826 | Lair:7   | Reached skill level 9 in Invocations
 17850 | Lair:7   | Found a staircase to the Slime Pits.
 18222 | D:9      | Bought a scroll of identify for 26 gold pieces
 18222 | D:9      | Bought a scroll of identify for 26 gold pieces
 18224 | D:9      | Bought 2 scrolls of magic mapping for 91 gold pieces
 18262 | D:9      | Bought a potion of invisibility for 88 gold pieces
 18262 | D:9      | Bought a potion of agility for 44 gold pieces
 18262 | D:9      | Bought a potion of heal wounds for 55 gold pieces
 18570 | Lair:7   | Reached skill level 19 in Axes
 18583 | Lair:7   | Reached skill level 10 in Invocations
 18887 | Lair:8   | Entered Level 8 of the Lair of Beasts
 18929 | Lair:8   | Found a dark tunnel.
 18940 | Volcano  | Entered a volcano
 19192 | Volcano  | Found a bloodstained altar of Trog.
 19789 | Lair:8   | Reached skill level 11 in Invocations
 20399 | Lair:8   | Found a runed door.
 20619 | Lair:8   | Reached skill level 12 in Invocations
 21104 | Lair:8   | Learned a level 1 spell: Apportation
 21731 | D:11     | Reached skill level 13 in Invocations
 21759 | D:11     | Found Ibaonnyf's Antique Armour Boutique.
 22241 | D:12     | Reached skill level 20 in Axes
 22245 | D:12     | Reached XP level 15. HP: 116/130 MP: 22/24
 22295 | D:12     | Found a staircase to the Orcish Mines.
 22305 | D:12     | Noticed Kirke
 22313 | D:12     | Killed Kirke
 22412 | D:12     | Reached skill level 14 in Invocations
 22473 | D:12     | Noticed Frances
 22479 | D:12     | Killed Frances
 22601 | D:12     | Found an iron altar of Okawaru.
 22602 | D:12     | Reached skill level 12 in Armour
 23374 | D:13     | Reached skill level 12 in Fighting
 23578 | D:13     | Found a gate to the Vaults.
 23891 | D:13     | Reached skill level 10 in Dodging
 25311 | D:14     | Got a pair of encrusted boots
 25361 | D:14     | Found a sacrificial altar of Ru.
 25638 | D:14     | Reached skill level 13 in Armour
 25783 | D:14     | Found a basalt altar of Yredelemnul.
 26080 | D:14     | Reached skill level 13 in Fighting
 26429 | Orc:1    | Entered Level 1 of the Orcish Mines
 26429 | Orc:1    | Found Zypnigyph's Armour Emporium.
 26544 | Orc:1    | Found Jiykkile's Armour Shop.
 26693 | Orc:2    | Entered Level 2 of the Orcish Mines
 26741 | Orc:1    | Found Vori's Food Boutique.
 26777 | Orc:1    | Found Xiron's General Store.
 26802 | Orc:1    | Found a roughly hewn altar of Beogh.
 27349 | Orc:2    | Found a shimmering altar of Xom.
 27468 | Orc:2    | Found a staircase to the Elven Halls.
 27709 | Orc:2    | Reached skill level 11 in Dodging
 27713 | Orc:2    | Found Regig's Book Emporium.
 27713 | Orc:2    | Found Jocsabb's Weapon Shop.
 27715 | Orc:2    | Found Tigaeh's Magic Scroll Emporium.
 27715 | Orc:2    | Found Venaphuz's Antique Armour Shop.
 28088 | Orc:2    | Found a roughly hewn altar of Beogh.
 28237 | D:15     | Entered Level 15 of the Dungeon
 28354 | D:15     | Reached XP level 16. HP: 140/144 MP: 25/25
 28408 | D:15     | Found Egyfej's General Store.
 28475 | D:15     | Reached skill level 14 in Armour
 29428 | D:15     | Found a staircase to the Depths.
 29431 | D:15     | Reached skill level 14 in Fighting
 29732 | Orc:2    | Bought a scroll of identify for 32 gold pieces
 29732 | Orc:2    | Bought a scroll of identify for 32 gold pieces
 29736 | Orc:2    | Identified the +2 pair of boots of the Blizzard {rF+ MR+ Str-2 Dex+4} (You found it on level 14 of the Dungeon)
 29757 | Orc:2    | Bought a scroll of enchant armour for 120 gold pieces
 29757 | Orc:2    | Bought a scroll of enchant armour for 120 gold pieces
 29757 | Orc:2    | Bought a scroll of identify for 32 gold pieces
 29757 | Orc:2    | Bought a scroll of teleportation for 48 gold pieces
 29906 | Orc:1    | Bought a +2 plate armour of fire resistance for 520 gold pieces
 30098 | Snake:1  | Entered Level 1 of the Snake Pit
 30335 | Snake:3  | Reached skill level 12 in Dodging
 31116 | Snake:3  | Reached skill level 15 in Armour
 31949 | Snake:3  | Reached skill level 15 in Fighting
 32803 | Snake:2  | Reached skill level 13 in Dodging
 32993 | Snake:1  | Noticed Azrael
 33002 | Snake:1  | Killed Azrael
 33293 | Snake:1  | Reached XP level 17. HP: 151/156 MP: 26/26
 33561 | Snake:1  | Got a faintly glowing bronze ring
 33562 | Snake:1  | Identified the ring of Rudd {+/*Tele rPois rC- MR+++ Str-2} (You found it on level 1 of the Snake Pit)
 34027 | Shoals:1 | Entered Level 1 of the Shoals
 34500 | Shoals:1 | Reached skill level 16 in Armour
 34759 | Shoals:1 | Found Rumneic's Armour Shop.
 34775 | Shoals:1 | Bought a +0 pair of gloves of strength for 218 gold pieces
 34843 | Shoals:1 | Reached skill level 16 in Fighting
 35996 | Shoals:2 | Reached skill level 14 in Dodging
 36867 | Shoals:3 | Got a pair of faintly humming gloves
 36868 | Shoals:3 | Identified the +4 pair of gloves of Panentheism {rPois Str+6} (You found it on level 3 of the Shoals)
 37195 | Shoals:3 | Noticed Louise
 37199 | Shoals:3 | Killed Louise
 37201 | Shoals:3 | Reached skill level 17 in Armour
 37760 | Shoals:4 | Entered Level 4 of the Shoals
 37893 | Shoals:4 | Reached skill level 17 in Fighting
 37900 | Shoals:4 | Got a barnacled rune of Zot
 38225 | Shoals:4 | Reached XP level 18. HP: 153/169 MP: 27/27
 38237 | Shoals:4 | Noticed Polyphemus
 38250 | Shoals:4 | Killed Polyphemus
 38518 | Shoals:4 | Reached skill level 15 in Dodging
 38750 | Shoals:4 | Noticed Ilsuiw
 38768 | Shoals:4 | Killed Ilsuiw
 40225 | Snake:3  | Reached skill level 18 in Armour
 40313 | Snake:4  | Entered Level 4 of the Snake Pit
 40336 | Snake:4  | Noticed Vashnia
 40744 | Snake:4  | Reached skill level 18 in Fighting
 40888 | Snake:4  | Reached skill level 16 in Dodging
 41172 | Snake:4  | Killed Vashnia
 41179 | Snake:4  | Reached XP level 19. HP: 159/180 MP: 28/28
 41546 | Snake:4  | Reached skill level 19 in Fighting
 42551 | Snake:4  | Got a serpentine rune of Zot
 43053 | Vaults:1 | Entered Level 1 of the Vaults
 43264 | Vaults:1 | Reached skill level 20 in Fighting
 43651 | Vaults:1 | Reached skill level 19 in Armour
 44526 | Vaults:1 | Reached skill level 17 in Dodging
 44820 | Vaults:2 | Found a staircase to the Crypt.
 45173 | Vaults:2 | Reached skill level 1 in Spellcasting
 45185 | Vaults:2 | Reached skill level 2 in Spellcasting
 45274 | Vaults:2 | Reached skill level 3 in Spellcasting
 45274 | Vaults:2 | Reached XP level 20. HP: 193/193 MP: 29/29
 45842 | Vaults:2 | Reached skill level 4 in Spellcasting
 46169 | Vaults:3 | Found a flickering gateway to a bazaar.
 46191 | Vaults:3 | Found Roemitu's Gadget Emporium.
 46195 | Bazaar   | Entered a bazaar
 46195 | Bazaar   | Found Dinlafay's Jewellery Shoppe.
 46195 | Bazaar   | Found Taray's Food Shoppe.
 46196 | Bazaar   | Found Ihamempeff's Food Emporium.
 46196 | Bazaar   | Found Wurhunn's Antique Armour Emporium.
 46216 | Bazaar   | Bought an embroidered cloak for 117 gold pieces
 46242 | Bazaar   | Bought the ring "Ilesh" {+/*Tele rPois} for 200 gold pieces
 46439 | Vaults:3 | Found Boqo's Food Emporium.
 46443 | Vaults:3 | Reached skill level 5 in Spellcasting
 46510 | Vaults:3 | Reached skill level 1 in Translocations
 46567 | Vaults:3 | Reached skill level 2 in Translocations
 46572 | Vaults:3 | Found Peduyc's Distillery.
 46648 | Vaults:3 | Bought a potion of resistance for 180 gold pieces
 46648 | Vaults:3 | Bought a potion of heal wounds for 90 gold pieces
 46648 | Vaults:3 | Bought a potion of heal wounds for 90 gold pieces
 46711 | Vaults:3 | Reached skill level 3 in Translocations
 47076 | Vaults:3 | Noticed Aizul
 47081 | Vaults:3 | Killed Aizul
 47081 | Vaults:3 | Reached skill level 4 in Translocations
 47405 | Vaults:3 | Reached skill level 5 in Translocations
 47857 | Vaults:4 | Reached skill level 6 in Translocations
 48003 | Vaults:4 | Reached skill level 1 in Necromancy
 48010 | Vaults:4 | Reached skill level 1 in Charms
 48140 | Vaults:4 | Reached skill level 2 in Necromancy
 48196 | Vaults:4 | Reached skill level 2 in Charms
 48356 | Vaults:4 | Got a smoking silver ring
 48359 | Vaults:4 | Identified the ring of the Five Beds {*Drain rF+ rC++ Int+3} (You took it off an ironbrand convoker on level 4 of the Vaults)
 48497 | Vaults:4 | Reached skill level 3 in Necromancy
 48707 | Vaults:4 | Reached skill level 3 in Charms
 49582 | Depths:1 | Entered Level 1 of the Depths
 49707 | Depths:1 | Reached skill level 4 in Necromancy
 49810 | Depths:1 | Noticed Sojobo
 49829 | Depths:1 | Killed Sojobo
 49829 | Depths:1 | Reached skill level 4 in Charms
 49829 | Depths:1 | Reached XP level 21. HP: 161/201 MP: 30/30
 49923 | Depths:1 | Found a gateway to Hell.
 50007 | Depths:1 | Reached skill level 5 in Necromancy
 50033 | Depths:1 | Reached skill level 5 in Charms
 50067 | Depths:1 | Found a one-way gate leading to the halls of Pandemonium.
 50439 | Depths:2 | Reached skill level 6 in Necromancy
 50612 | Depths:2 | Found a one-way gate to the infinite horrors of the Abyss.
 50762 | Depths:2 | Reached skill level 6 in Charms
 51121 | Depths:2 | Noticed a caustic shrike
 51124 | Depths:2 | Killed a caustic shrike
 51124 | Depths:2 | Reached skill level 7 in Necromancy
 51726 | Orc:2    | Bought a spiked pearl dragon armour for 3105 gold pieces
 51727 | Orc:2    | Identified the +6 pearl dragon armour "Nyzuhywk" {rN+ MR+} (You bought it in a shop on level 2 of the Orcish Mines)
 51983 | Depths:3 | Reached skill level 7 in Charms
 51996 | Depths:3 | Reached skill level 8 in Necromancy
 52290 | Depths:3 | Noticed a caustic shrike
 52299 | Depths:3 | Killed a caustic shrike
 52306 | Depths:3 | Reached skill level 8 in Charms
 52323 | Depths:3 | Reached XP level 22. HP: 194/209 MP: 25/31
 52513 | Depths:3 | Reached skill level 9 in Charms
 52701 | Depths:3 | Found a portal to a secret trove of treasure.
 52716 | Depths:3 | Found a gateway to a ziggurat.
 53243 | Depths:3 | Reached skill level 6 in Evocations
 53586 | Depths:4 | Reached skill level 7 in Evocations
 53694 | Depths:4 | Found Ciuzobay's Food Shop.
 53704 | Depths:4 | Noticed Mashchax's ghost (veteran DEWz)
 53712 | Depths:4 | Killed Mashchax's ghost
 53712 | Depths:4 | Reached skill level 8 in Evocations
 53760 | Depths:4 | Found Dunwysot's Gadget Boutique.
 54055 | Depths:4 | Reached skill level 9 in Evocations
 54110 | Depths:4 | Found Doduebax's Food Boutique.
 54183 | Depths:4 | Reached skill level 10 in Evocations
 54902 | Zig:1    | Entered Level 1 of a ziggurat
 54905 | Zig:1    | Reached skill level 1 in Hexes
 54915 | Zig:2    | Entered Level 2 of a ziggurat
 54933 | Zig:3    | Entered Level 3 of a ziggurat
 55057 | Zig:4    | Entered Level 4 of a ziggurat
 55065 | Zig:4    | Reached skill level 2 in Hexes
 55216 | Zig:5    | Entered Level 5 of a ziggurat
 55241 | Zig:5    | Reached skill level 3 in Hexes
 55314 | Zig:5    | Got an ancient broad axe
 55315 | Zig:5    | Identified the +11 broad axe of Sin {drain, Str+3} (You found it on level 5 of a ziggurat)
 55324 | Zig:5    | Identified Ikkuomni's Volume of Attacks and Air (You found it on level 5 of a ziggurat)
 55332 | Zig:6    | Entered Level 6 of a ziggurat
 55335 | Zig:6    | Noticed a shard shrike
 55336 | Zig:6    | Killed a shard shrike
 55433 | Zig:7    | Entered Level 7 of a ziggurat
 55452 | Zig:7    | Reached XP level 23. HP: 18/215 MP: 17/32
 55889 | Zig:7    | Got a faintly glowing marble ring
 55890 | Zig:7    | Identified the ring "Byfef" {rElec rC+ rN+ MP+9 Dex-4} (You found it on level 7 of a ziggurat)
 55904 | Zig:8    | Entered Level 8 of a ziggurat
 55915 | Zig:8    | Reached skill level 4 in Hexes
 56029 | Zig:8    | Got a pitted iron ring
 56030 | Zig:8    | Identified the ring of Wonder {rF- rN+ Int+3 SInv Stlth-} (You found it on level 8 of a ziggurat)
 56051 | Zig:8    | Learned a level 2 spell: Blink
 56089 | Depths:5 | Entered Level 5 of the Depths
 56686 | Depths:5 | Reached skill level 7 in Translocations
 56692 | Depths:5 | Reached skill level 6 in Spellcasting
 56710 | Depths:5 | Found a gate to the Realm of Zot.
 56721 | Depths:5 | Reached skill level 5 in Hexes
 57056 | Depths:5 | Noticed Margery
 57065 | Depths:5 | Killed Margery
 57075 | Depths:5 | Reached skill level 21 in Axes
 58064 | Crypt:1  | Entered Level 1 of the Crypt
 58174 | Crypt:1  | Got a crude brass amulet
 58175 | Crypt:1  | Identified the amulet of Saum {Faith Dex+7} (You found it on level 1 of the Crypt)
 58483 | Crypt:1  | Reached skill level 22 in Axes
 59332 | Crypt:3  | Entered Level 3 of the Crypt
 59484 | Crypt:3  | Reached XP level 24. HP: 216/224 MP: 32/32
 59551 | Crypt:3  | Reached skill level 23 in Axes
 60360 | Crypt:3  | Got a brightly glowing silver ring
 60360 | Crypt:3  | Got a twitching copper ring
 60361 | Crypt:3  | Identified the ring "Zivoos" {rN+ Stlth+} (You found it on level 3 of the Crypt)
 60362 | Crypt:3  | Identified the ring "Munimoag" {rPois rN+ Str-3 Dex+2} (You found it on level 3 of the Crypt)
 60368 | Crypt:3  | Got a bloodstained pearl dragon armour
 60396 | Crypt:3  | Found a basalt altar of Yredelemnul.
 60511 | Crypt:3  | Identified the +4 pearl dragon armour of Impressiveness {rN+ Dex+7} (You found it on level 3 of the Crypt)
 61061 | Crypt:3  | Reached skill level 24 in Axes
 61142 | Crypt:3  | Found a staircase to the Tomb.
 61454 | Crypt:3  | Gained mutation: Your muscles are strong. (Str +2) [potion of beneficial mutation]
 62290 | Depths:5 | Voluntarily entered the Abyss.
 62353 | Abyss:1  | Found a corrupted altar of Lugonu.
 62400 | Abyss:1  | Found a corrupted altar of Lugonu.
 62430 | Abyss:2  | Found a corrupted altar of Lugonu.
 62495 | Abyss:2  | Paralysed by accursed screaming for 1 turns
 62497 | Abyss:2  | Found a corrupted altar of Lugonu.
 62512 | Abyss:2  | Found a bloodstained altar of Trog.
 62530 | Abyss:2  | Found a corrupted altar of Lugonu.
 62593 | Abyss:2  | Found a corrupted altar of Lugonu.
 62658 | Abyss:2  | Found a corrupted altar of Lugonu.
 62671 | Abyss:2  | Found a corrupted altar of Lugonu.
 62677 | Abyss:2  | Found a bloodstained altar of Trog.
 62677 | Abyss:2  | Found a glowing silver altar of Zin.
 62677 | Abyss:2  | Found a stormy altar of Qazlal.
 62677 | Abyss:2  | Found a shattered altar of Ashenzari.
 62677 | Abyss:2  | Found a sparkling altar of Nemelex Xobeh.
 62677 | Abyss:2  | Found a white marble altar of Elyvilon.
 62678 | Abyss:2  | Found a shimmering altar of Xom.
 62678 | Abyss:2  | Found an ancient bone altar of Kikubaaqudgha.
 62678 | Abyss:2  | Found a shadowy altar of Dithmenos.
 62679 | Abyss:2  | Found an iron altar of Okawaru.
 62679 | Abyss:2  | Found a basalt altar of Yredelemnul.
 62679 | Abyss:2  | Found a burning altar of Makhleb.
 62681 | Abyss:2  | Found a corrupted altar of Lugonu.
 62771 | Abyss:3  | Found a corrupted altar of Lugonu.
 62795 | Abyss:4  | Got an abyssal rune of Zot
 62814 | Abyss:4  | Found a corrupted altar of Lugonu.
 62900 | Depths:5 | Escaped the Abyss
 62934 | Zot:1    | Entered Level 1 of the Realm of Zot
 63215 | Zot:1    | Reached skill level 25 in Axes
 64625 | Zot:3    | Reached skill level 26 in Axes
 64873 | Zot:3    | Reached XP level 25. HP: 221/231 MP: 32/32
 65680 | Zot:4    | Reached skill level 18 in Dodging
 66151 | Zot:4    | Reached skill level 20 in Armour
 67117 | Zot:4    | Reached skill level 19 in Dodging
 67150 | Zot:5    | Entered Level 5 of the Realm of Zot
 67213 | Zot:5    | Noticed an orb of fire
 67221 | Zot:5    | Killed an orb of fire
 67222 | Zot:5    | Noticed an orb of fire
 67222 | Zot:5    | Noticed an orb of fire
 67227 | Zot:5    | Killed an orb of fire
 67227 | Zot:5    | Killed an orb of fire
 67460 | Zot:5    | Reached skill level 21 in Fighting
 68038 | Zot:5    | Noticed an orb of fire
 68040 | Zot:5    | Cast into level 3 of the Abyss (black draconian caller)
 68040 | Abyss:3  | Found a corrupted altar of Lugonu.
 68040 | Abyss:3  | Found a burning altar of Makhleb.
 68078 | Zot:5    | Escaped the Abyss
 68083 | Zot:5    | Reached skill level 22 in Fighting
 68119 | Zot:5    | Gained mutation: Armour fits poorly on your strangely shaped body. [an orb of fire]
 68126 | Zot:5    | Gained mutation: You are clumsy. (Dex -2) [an orb of fire]
 68130 | Zot:5    | Killed an orb of fire
 68138 | Zot:5    | Reached XP level 26. HP: 246/248 MP: 32/32
 68196 | Zot:5    | Noticed an orb of fire
 68200 | Zot:5    | Gained mutation: You occasionally shout uncontrollably at your foes. [an orb of fire]
 68203 | Zot:5    | Gained mutation: Your system is resistant to poisons. [an orb of fire]
 68206 | Zot:5    | Killed an orb of fire
 68347 | Zot:5    | Noticed an orb of fire
 68352 | Zot:5    | Killed an orb of fire
 68352 | Zot:5    | Reached skill level 23 in Fighting
 68374 | Zot:5    | Noticed an orb of fire
 68375 | Zot:5    | Noticed an ancient lich
 68391 | Zot:5    | Killed an orb of fire
 68395 | Zot:5    | Killed an ancient lich
 68429 | Zot:5    | Noticed an orb of fire
 68441 | Zot:5    | Killed an orb of fire
 68441 | Zot:5    | Reached skill level 24 in Fighting
 68609 | Zot:5    | Reached skill level 25 in Fighting
 68618 | Zot:5    | Noticed an orb of fire
 68630 | Zot:5    | Killed an orb of fire
 68723 | Zot:5    | Noticed an orb of fire
 68726 | Zot:5    | Lost mutation: Your muscles are strong. (Str +2) [an orb of fire]
 68737 | Zot:5    | Killed an orb of fire
 69040 | Zot:5    | Lost mutation: You are clumsy. (Dex -2) [potion of cure mutation]
 69040 | Zot:5    | Lost mutation: You occasionally shout uncontrollably at your foes. [potion of cure mutation]
 69040 | Zot:5    | Lost mutation: Your system is resistant to poisons. [potion of cure mutation]
 69040 | Zot:5    | Lost mutation: Armour fits poorly on your strangely shaped body. [potion of cure mutation]
 69043 | Zot:5    | Got the Orb of Zot
 69170 | Zot:2    | Reached skill level 26 in Fighting
 69293 | Zot:1    | Noticed Eptuakuo the pandemonium lord
 69303 | Zot:1    | Killed Eptuakuo the pandemonium lord
 69312 | Zot:1    | Noticed Yqoavuef the pandemonium lord
 69333 | Zot:1    | Noticed Uceolity the pandemonium lord
 69359 | Zot:1    | Killed Yqoavuef the pandemonium lord
 69485 | Depths:1 | Reached XP level 27. HP: 244/270 MP: 32/32
 69802 | D:$      | Escaped with the Orb!

Vault maps used:
D:1:      dpeg_arrival_long_road, serial_glass, glass_columns_b, glass_columns_a
D:3:      ecumenical_altar_1, uniq_grinder, uniq_robin
D:4:      minmay_door_path, lemuel_tele_altar
D:5:      grunt_dithmenos_smoke, lemuel_coloured_pillars_altar, first_bread,
          kennysheep_generic_room_10, uniq_edmund
D:7:      minmay_temple_entry_statues_pillars, grunt_ogre_cave
D:8:      lemuel_ice_spiral_2, gammafunk_temple_overflow_statue,
          erik_lair_orcish_takeover, minmay_door_square, fungi_pond_lemuel
D:9:      serial_shops, shop, shop, shop_fountains, kennysheep_mini_moat,
          bh_chokoban
D:10:     serial_shops, shop, lemuel_statue_altar
D:11:     serial_shops, shop
D:12:     orc_0_dummy, basic_altar, serial_park_tiny_1, hex_large, uniq_kirke,
          uniq_frances
D:13:     david_vaults_5, nrook_mini_vaults
D:14:     nicolae_ru_path_of_blood, minmay_misc_feat_enclosed,
          lemuel_mausoleum_altar_yredelemnul
D:15:     grunt_enter_depths_snipers, serial_shops, shop_coins, minivault_14
Temple:   nicolae_temple_elliptical
Lair:1:   beast_lair_carwin_10, grunt_megastairs_4, uniq_gastronok
Lair:2:   beast_lair_carwin_large_4
Lair:3:   shoals_dummy_entry, dummy_snake_entry, basic_altar, lab_entry_generic,
          grunt_megastairs_2
Lair:4:   minmay_stone_trees_medium, st_stairs_7, roderic_carrion_pond,
          serial_bayou_shore_b, lemuel_fruit_tree
Lair:5:   statuecave_lemuel, lemuel_fruit_fields, uniq_josephine
Lair:6:   basic_altar
Lair:7:   minmay_slime_entry_jelly_boxes, ice2_lemuel, grunt_megastairs_5
Lair:8:   wormcave, enter_volcano_4, nicolae_lair_grove_arrangements
Shoals:1: serial_shops, shop
Shoals:2: nicolae_shoals_flooded_hall
Shoals:3: uniq_louise
Shoals:4: shoals_end_simple, shoals_ilsuiw_alternative, uniq_polyphemus,
          uniq_ilsuiw
Snake:1:  hangedman_snake_thin_pillar_pass, uniq_azrael
Snake:4:  snake_pit, uniq_vashnia
Orc:1:    serial_shops, nicolae_shop_competitors_out_of_business,
          nicolae_shop_temple_entry_statues_fountains, shop,
          nicolae_shop_crystal, basic_altar, statue_in_the_mist_lemuel
Orc:2:    grunt_orc_tribal_feast, basic_altar, minmay_orc_temple_b
Vaults:1: grunt_vaults_focal, grunt_vaults_swirl, nicolae_vaults_circle_grid_b,
          vaults_room_hangedman_quadrants, vaults_room_door_ring, v_misc_3,
          v_misc_5, dpeg_vaults_monster_row
Vaults:2: hangedman_vaults_slither, hangedman_vaults_stagger, v_alt_pattern_3,
          hangedman_vaults_locks, blue_anna_dwarven_crypt, vaults_dpeg_hooks,
          ontoclasm_vaults_ligature, ontoclasm_vaults_shuriken
Vaults:3: vaults_standard_mumra_x, nicolae_vaults_big_angled_halls,
          vaults_room_ringed_pool, ontoclasm_vaults_decontamination, v_misc_12,
          vaults_dpeg_encased_lava, nicolae_vaults_mini_display_case,
          v_alt_pattern_6, vaults_room_mumra_shop_pool, serial_shops,
          bzr_entry_gold, shop, shop, uniq_aizul
Vaults:4: nicolae_vaults_alarming, v_misc_11, nicolae_vaults_big_angled_halls,
          v_misc_12, hangedman_vaults_stitches, nicolae_vaults_little_ls,
          v_rooms_4, dpeg_vaults_monster_box, ontoclasm_vaults_gateway,
          vaults_room_large_hall, nicolae_vaults_little_squares_1,
          nicolae_vaults_circle_grid_b, v_alt_pattern_4
Crypt:2:  basic_stair_grate_trap
Crypt:3:  david_glass_crypt, nicolae_crypt_little_mausoleum
Depths:1: pan_entry, hell_entry, minivault_14, hangedman_aviary, uniq_sojobo
Depths:2: hourglass_vault, hangedman_abyss_or_decor_jellyfish_corner, pan_entry,
          hell_entry, abyss_entry, grunt_decor_fettered,
          infiniplex_staircase_spiral_double
Depths:3: cross_vault, enter_ziggurat_a, nicolae_trove_entry_diagonal,
          roderic_lattice_a, hangedman_coc_ice_floe, grunt_pan_entry_spiral,
          infiniplex_staircase_zigzag_3
Depths:4: kennysheep_blocky_room, hangedman_glass_teeth,
          grunt_hell_entry_dis_old, pan_entry, serial_shops, nicolae_shop_trees,
          shop, shop, hangedman_abyss_entry_splay, infiniplex_staircase_x
Depths:5: grunt_zot_entry_tricorne, abyss_entry, hell_entry,
          grunt_decor_mini_mirrors, nicolae_lava_and_water, uniq_margery
Zot:1:    grunt_megastairs_3
Zot:4:    st_small_dragon_hoard_5, basic_stair_grate_trap
Zot:5:    st_stairs_12, lemuel_lake_of_fire
Abyss:2:  abyss_fake_exit
Abyss:3:  hangedman_decor_points, minivault_1
Abyss:4:  hangedman_eye_storm, abyss_rune_water_cross,
          evilmike_abyss_exit_smiterflies
Zig:4:    ziggurat_pillar_centre_c
Zig:8:    ziggurat_pillar_centre_dead_trees
Lab:      labyrinth_mini_lab, labyrinth_lava_lair, labyrinth_skeletal_remains,
          nicolae_lab_hexagon, nicolae_lab_very_dead_end
Bazaar:   bazaar_jpeg_oval
Volcano:  volcano_lake

Vanquished Creatures
  10 orbs of fire
  An ancient lich Sojobo Vashnia
  A shard shrike Margery
  3 Killer Klowns
  3 caustic shrikes
  5 curse toes
  The ghost of Mashchax the Archmage, a veteran DEWz of Sif Muna
  6 golden dragons
  A bone dragon
  5 liches
  A Brimstone Fiend
  5 electric golems
  16 tentacled monstrosities
  An Ice Fiend
  25 Orb Guardians
  A Hell Sentinel
  4 sphinxes
  2 pandemonium lords
  6 ancient champions Frances Polyphemus
  5 eldritch tentacles Gastronok
  7 storm dragons Kirke
  3 shadow dragons
  5 death cobs
  2 draconian monks
  9 tengu reavers Ilsuiw
  8 greater nagas
  2 revenants
  9 frost giants
  3 draconian knights
  7 vault wardens
  6 fire giants
  4 draconian scorchers Aizul
  A balrug
  An iron dragon Louise
  12 draconian zealots
  3 curse skulls
  2 draconian shifters
  5 ironheart preservers
  17 stone giants
  6 draconian annihilators
  2 ghouls
  3 reapers
  15 very ugly things
  3 draconian callers
  A salamander stormcaller
  10 vampire knights
  7 mottled draconians
  14 yellow draconians
  4 spark wasps
  5 purple draconians
  6 black draconians
  A chaos champion
  6 red draconians
  5 green draconians Azrael
  9 white draconians
  9 vault guards
  8 merfolk javelineers
  10 merfolk impalers
  24 fire dragons
  2 eidola
  13 ettins
  A minotaur Josephine
  15 yaktaur captains
  3 deep elf death magi
  7 great orbs of eyes
  2 green deaths
  9 jiangshi
  2 entropy weavers
  5 rakshasas
  23 naga warriors
  17 centaur warriors
  7 hydras
  19 ice dragons
  A spriggan air mage
  5 ogre magi
  4 death knights
  A catoblepas
  3 satyrs
  2 alligator snapping turtles
  3 merfolk avatars
  12 deep troll shamans
  10 merfolk aquamancers
  7 anacondas
  7 tengu warriors
  A dancing weapon
  3 iron giant skeletons
  7 vampire magi
  18 death yaks
  5 spriggan berserkers
  3 orc high priests
  2 thrashing horrors
  9 shock serpents
  9 deep troll earth magi
  20 naga sharpshooters
  14 hell knights
  A storm dragon zombie
  3 shadow wraiths
  A fire crab (shapeshifter)
  A soul eater
  2 salamander mystics
  2 fire crabs
  3 sun demons
  7 deep elf knights
  15 sea snakes
  9 flayed ghosts
  22 skeletal warriors
  A golden dragon zombie
  3 giant orange brains
  An infernal demonspawn
  11 naga ritualists
  19 deep trolls
  7 hill giants
  A tengu zombie
  4 shadow demons
  An unseen horror (shapeshifter)
  3 wizards
  5 deep elf archers
  A lindwurm
  4 unseen horrors
  An obsidian statue
  13 orc knights
  10 ironbrand convokers
  10 necromancers
  14 fauns
  23 harpies
  6 mana vipers
  5 water nymphs
  18 deep elf magi
  A shadow dragon skeleton
  A stone giant zombie
  11 phantasmal warriors
  66 ugly things
  5 orc sorcerers
  11 cyclopes
  19 moths of wrath
  24 elephants
  A manticore (shapeshifter)
  11 salamanders
  8 wolf spiders
  12 manticores
  5 griffons
  9 vault sentinels
  31 black mambas
  A drowned soul
  A moth of wrath (shapeshifter)
  A hornet
  3 molten gargoyles
  6 sirens
  3 smoke demons
  An ice statue
  12 spiny frogs
  5 torpor snails
  An octopode (shapeshifter)
  5 gargoyles
  4 guardian serpents
  6 freezing wraiths
  2 hellions
  10 komodo dragons
  33 naga magi
  69 yaktaurs
  An ancient zyme
  A catoblepas skeleton
  A komodo dragon (shapeshifter)
  3 spriggan skeletons
  2 fire drakes
  A yellow draconian skeleton
  4 kobold demonologists
  2 jumping spiders
  9 tengu conjurers
  An ice devil
  A hydra zombie
  2 tormentors
  A polar bear (shapeshifter)
  53 merfolk
  2 wind drakes (shapeshifter)
  2 red devils
  5 trolls
  A two-headed ogre (shapeshifter)
  9 two-headed ogres Grinder
  A raiju (shapeshifter)
  10 polar bears
  A raiju
  A wolf spider simulacrum
  A wind drake
  3 boulder beetles
  32 slime creatures
  3 giant leeches
  An ettin zombie
  A fire giant simulacrum
  12 snapping turtles
  2 hornet zombies
  An ice dragon zombie
  2 centaur simulacra
  A slime creature (shapeshifter)
  9 flying skulls
  A frost giant simulacrum
  A satyr zombie
  6 shadows
  5 hogs
  17 blink frogs
  A small abomination
  2 trapdoor spiders
  A redback (shapeshifter)
  12 wraiths
  A ynoxinul
  2 neqoxecs
  13 redbacks
  23 water elementals
  4 vampires
  3 spriggans
  2 air elementals
  A tarantella
  A hippogriff (shapeshifter)
  69 yaks
  A yaktaur simulacrum
  2 humans
  A fire elemental
  A human (shapeshifter)
  10 hippogriffs
  A chaos spawn
  A yak (shapeshifter)
  A spriggan simulacrum
  32 vampire mosquitoes
  3 basilisks
  An elf skeleton
  55 nagas
  6 hungry ghosts
  2 wyverns
  A hill giant skeleton
  A soldier ant (shapeshifter)
  8 hell hounds
  An insubstantial wisp
  13 wolves Edmund
  4 mottled dragons
  8 wargs
  18 water moccasins
  10 black bears
  25 orc warriors
  5 phantoms
  3 sky beasts
  5 ice beasts
  23 ogres
  2 large abominations
  7 wasps
  2 eyes of draining
  11 porcupines
  8 starcursed masses
  19 boggarts
  A black bear (shapeshifter)
  A swamp dragon zombie
  A manticore skeleton
  8 necrophages
  A centaur (shapeshifter)
  An anubis guard skeleton
  22 centaurs
  25 crocodiles
  A hog skeleton
  2 elf zombies
  2 big kobolds
  2 earth elementals
  2 wyvern zombies
  23 giant frogs
  A water moccasin zombie
  2 scorpions
  2 glowing shapeshifter simulacra
  A water moccasin skeleton
  20 wights
  A hippogriff zombie
  15 killer bees
  A raiju skeleton
  10 crimson imps
  A wolf zombie
  5 centaur zombies
  3 human simulacra
  3 giant frog zombies
  2 lava snakes
  A quasit
  A two-headed ogre zombie
  12 iguanas
  20 orc wizards
  31 orc priests
  16 jellies
  10 hounds
  4 human zombies
  A basilisk skeleton
  2 giant frog skeletons
  8 centaur skeletons
  2 iron imps
  2 human skeletons
  37 sheep
  15 worker ants
  A demigod skeleton
  2 hound skeletons
  2 mummies
  3 worker ant zombies Robin
  3 gnolls
  82 river rats
  20 adders
  9 shadow imps
  8 white imps
  An ufetubus
  A halfling zombie
  2 oozes
  4 adder skeletons
  A halfling skeleton
  28 worms
  4 giant geckos
  98 orcs
  3 ball pythons
  8 bats
  6 giant cockroaches
  7 hobgoblins
  17 jackals
  20 kobolds
  3 quokkas
  5 giant newts
  22 goblins
  A jackal skeleton
  An orc skeleton
  2 quokka zombies
  9 rats
  283 eldritch tentacle segments
  2 fire vortices
  29 fungi
  4 lost souls
  44 plants
  6 spectral weapons
2947 creatures vanquished.
